 Dungeon Crawl Stone Soup version 0.16.1-2-g95b8d4c (webtiles) character file.

219 kurshu the Poker (level 5, -4/45 HPs)
             Began as a Minotaur Fighter on Mar 24, 2015.
             Killed by nerve-wracking pain
             ... invoked by Grinder
              (14 damage)
             ... while paralysed by Grinder
             ... on level 3 of the Dungeon.
             The game lasted 00:03:35 (2245 turns).

kurshu the Poker (Minotaur Fighter)                 Turns: 2245, Time: 00:03:36

Health: -4/45      AC:  6    Str: 26    XL:     5   Next: 63%
Magic:  2/2        EV:  2    Int:  6    God:
Gold:   231        SH:  0    Dex:  9    Spells: 0 memorised, 4 levels left

rFire  . . .     SeeInvis .     a - +1 trident
rCold  . . .     Clarity  .     b - +0 scale mail
rNeg   . . .     SustAb   .     c - +0 shield
rPois  .         Gourm    .     (helmet restricted)
rElec  .         Spirit   .     (no cloak)
rCorr  .         Warding  .     (no gloves)
rMut   .         Stasis   .     (no boots)
MR     .....                    (no amulet)
Stlth  ..........               (no ring)
                                k - ring of flight

@: paralysed, mighty, not resistant to hostile enchantments, extremely
unstealthy
A: retaliatory headbutt, horns 2
a: Evoke Flight


You were on level 3 of the Dungeon.
You were not hungry.

You visited 1 branch of the dungeon, and saw 3 of its levels.

You collected 231 gold pieces.

Inventory:

Hand weapons
 a - a +1 trident (weapon)
Armour
 b - a +0 scale mail (worn)
 c - a +0 shield (worn)
Jewellery
 k - a ring of flight (left hand)
Scrolls
 g - 2 scrolls of remove curse
 i - 2 scrolls of enchant weapon
 j - a scroll of blinking {unknown}
 m - a scroll of random uselessness
 n - a scroll of fear {unknown}
 o - a scroll of identify
 q - 3 scrolls of magic mapping
Potions
 f - a potion of restore abilities {unknown}
 p - a potion of curing {unknown}
 r - a potion of experience {unknown}
Comestibles
 d - 5 bread rations
 h - a beef jerky
 l - a meat ration


   Skills:
 - Level 3.6 Fighting
 + Level 7.2 Polearms
 - Level 3.6 Armour
 - Level 3.6 Shields


You had 4 spell levels left.
You didn't know any spells.

Dungeon Overview and Level Annotations

Branches:
Dungeon (3/15)

Altars:

Annotations:
D:3 Grinder


Innate Abilities, Weirdness & Mutations

You reflexively headbutt those who attack you in melee.
You have a pair of horns on your head.


Message History

Grinder is moderately wounded.
The bat hits you but does no damage. x2
You block the bat's attack. You block Grinder's attack.
You barely miss the bat. Your headbutt misses the bat.
The bat is almost dead.
You block the bat's attack. The bat hits you.
The bat hits you but does no damage. Grinder gestures at you.
You suddenly lose the ability to move!
The bat hits you. The bat hits you but does no damage. x2
Grinder says, "Wait up."
Grinder gestures at you.
You barely resist. The bat hits you but does no damage.
The bat hits you but does no damage. x2
Grinder hits you.
You writhe in agony.
* * * LOW HITPOINT WARNING * * *
The bat hits you but does no damage. Grinder gestures at you.
Pain shoots through your body!
You die...

.......#####...####,,,,,,,,,,***,
##.##### #......# **,,,,,,,*,****
...# #.#.##b# **,,,,,**,**,, .###
#####...##.# **,,,***,**,* .#
#.......##.# **+** *,**,* .#
#.###.#.##.#######,* *,,,,, .#
#.# #......#b....#,* ****,* .*
#.# #.#.####.....#.#* *,* ,* #.#
#.....)@5.......** *,* ,* #.#
###.####b.......,* *,* ,*
#.#####.# *...>...,** *,* ,*
#.......# *.#...#.,******,* **
######### *.###...,,,,,,,,*
*..,,,.,,******** *##*******


You could see Grinder and 2 bats.

Vanquished Creatures
  The ghost of MDvedh the Caller, an average GrSu (D:3)
  6 adders
  2 oozes (D:1)
  7 bats
  6 giant cockroaches
  8 goblins
  4 hobgoblins
  7 kobolds
  5 quokkas
  3 ball pythons (D:1)
  4 giant newts
  6 rats
59 creatures vanquished.

Notes
Turn   | Place    | Note
--------------------------------------------------------------
     0 | D:1      | kurshu, the Minotaur Fighter, began the quest for the Orb.
     0 | D:1      | Reached XP level 1. HP: 19/19 MP: 1/1
   131 | D:1      | Reached XP level 2. HP: 26/26 MP: 1/1
   439 | D:1      | Reached skill level 4 in Polearms
   795 | D:1      | Reached XP level 3. HP: 31/31 MP: 2/2
  1067 | D:2      | Reached skill level 5 in Polearms
  1168 | D:2      | Reached XP level 4. HP: 27/39 MP: 2/2
  1604 | D:3      | Noticed MDvedh's ghost (average GrSu)
  1620 | D:3      | Killed MDvedh's ghost
  1620 | D:3      | Reached skill level 7 in Polearms
  1620 | D:3      | Reached XP level 5. HP: 12/45 MP: 2/2
  2231 | D:3      | Noticed Grinder
  2242 | D:3      | Paralysed by Grinder for 3 turns
  2245 | D:3      | Killed from afar by Grinder

Action                   |  1- 3 |  4- 6 || total
-------------------------+-------+-------++-------
Melee: Trident           |   120 |    61 ||   181
  Use: Potion            |       |     2 ||     2
       Scroll            |       |     5 ||     5
 Stab: Distracted        |     1 |       ||     1
  Eat: Chunk             |     1 |       ||     1
       Pizza             |       |     1 ||     1
       Beef jerky        |       |     1 ||     1
